 Dungeon Crawl Stone Soup version 0.17-a0-1262-gd250d98 (webtiles) character file.

138 patman the Chopper (level 4, -14/37 HPs)
             Began as a Demigod Wanderer on June 6, 2015.
             Killed from afar by an orc priest (17 damage)
             ... with a wand of fire
             ... on level 3 of the Dungeon.
             The game lasted 00:05:02 (2419 turns).

patman the Chopper (Demigod Wanderer)               Turns: 2419, Time: 00:05:02

Health: -14/37     AC: 11    Str: 14    XL:     4   Next: 70%
Magic:  6/6        EV:  6    Int: 21    God:
Gold:   148        SH:  0    Dex: 19    Spells: 0 memorised, 3 levels left

rFire  . . .     SeeInvis .     n - +0 battleaxe
rCold  . . .     Clarity  .     x - +0 chain mail
rNeg   . . .     SustAt   +     (no shield)
rPois  .         Gourm    .     v - +0 helmet
rElec  .         Spirit   .     p - +0 cloak
rCorr  .         Warding  .     (no gloves)
rMut   .         Stasis   .     (no boots)
MR     .....                    (no amulet)
Stlth  ..........               (no ring)
                                c - +6 ring of intelligence

@: not resistant to hostile enchantments, extremely unstealthy
A: high mp 1, sustain attributes
a: no special abilities


You were on level 3 of the Dungeon.
You were not hungry.

You visited 1 branch of the dungeon, and saw 3 of its levels.

You collected 148 gold pieces.

Inventory:

Hand weapons
 e - a +0 blowgun
 g - a +0 dagger
 k - a +0 mace
 l - a +0 spear
 n - a +0 battleaxe (weapon)
Missiles
 d - 26 poisoned needles
Armour
 f - a +0 robe
 p - a +0 cloak (worn)
 r - a +0 plate armour
 v - a +0 helmet (worn)
 x - a +0 chain mail (worn)
Jewellery
 c - a +6 ring of intelligence (left hand)
Scrolls
 b - 2 scrolls of blinking
 t - a scroll of teleportation {unknown}
 u - a scroll of remove curse {unknown}
 y - a scroll of magic mapping {unknown}
Potions
 j - a potion of might
 o - a potion of curing
 q - a potion of magic {unknown}
 w - a potion of brilliance {unknown}
Comestibles
 h - 2 bread rations
 i - 2 meat rations
 m - 5 fruits
 s - a slice of pizza


   Skills:
 - Level 2.9 Fighting
 * Level 3.0 Axes
   Level 1.0 Crossbows
 - Level 1.0 Throwing
 - Level 2.4 Armour
 - Level 1.7 Stealth
   Level 1.0 Shields
 - Level 1.7 Unarmed Combat


You had 3 spell levels left.
You didn't know any spells.

Dungeon Overview and Level Annotations

Branches:
Dungeon (3/15)


Innate Abilities, Weirdness & Mutations

You have an increased reservoir of magic (+10% MP).
Your attributes are resistant to harm.


Message History

* * * LOW HITPOINT WARNING * * *
Things that are here:
a dagger; a goblin corpse Drink which item? (? for menu, Esc to quit)
You feel much better.
The orc priest zaps a wand.
The bolt of fire hits you!
Ouch! That really hurt!
* * * LOW HITPOINT WARNING * * *
2 orcs and an orc wizard come into view.
The orc shouts! x2
The orc moves out of view.
The orc throws a stone.
The stone hits you but does no damage.
The orc priest invokes the aid of Beogh against you.
Pain shoots through your body!
* * * LOW HITPOINT WARNING * * *
Found a stone staircase leading down.
Things that are here:
a stone; a club; a hobgoblin corpse Your chain mail prevents you from hitting the orc priest.
The orc priest zaps a wand.
The bolt of fire hits you!
You die...

##.####.#
#...........#
#.#########.##
# #.# #.... >.
#.# /.. .. #.#
... .# #.#
#.##.#### #.#
#o.oo.... #.#
#@# #.# #)#
#.# #.# #.#
#.#
#.#########.#
#...........#
#############


You could see an orc priest, an orc wizard and an orc.

Vanquished Creatures
  Natasha (D:3)
  Robin (D:3)
  3 adders (D:2)
  A worm (D:3)
  2 giant geckos
  4 orcs (D:3)
  4 giant cockroaches
  10 hobgoblins
  A quokka (D:2)
  A ball python (D:1)
  5 bats
  5 giant newts
  17 goblins
  7 jackals
  2 kobolds
  4 rats
68 creatures vanquished.

Vanquished Creatures (others)
  A hobgoblin (D:3)
  A rat (D:3)
2 creatures vanquished.

Grand Total: 70 creatures vanquished

Notes
Turn   | Place    | Note
--------------------------------------------------------------
     0 | D:1      | patman the Demigod Wanderer began the quest for the Orb.
     0 | D:1      | patman set off with: a potion of heal wounds, a scroll of blinking, a potion of curing, 9 poisoned needles, a +0 blowgun, a +0 robe, a +0 dagger, a bread ration
     0 | D:1      | Reached XP level 1. HP: 18/18 MP: 3/3
   269 | D:1      | Reached skill level 1 in Armour
   708 | D:1      | Reached XP level 2. HP: 16/25 MP: 4/4
  1134 | D:2      | Found an opulent altar of Gozag.
  1389 | D:2      | Reached XP level 3. HP: 12/30 MP: 5/5
  1550 | D:2      | Reached skill level 1 in Axes
  1932 | D:3      | Noticed Robin
  1939 | D:3      | Killed Robin
  1939 | D:3      | Reached XP level 4. HP: 25/37 MP: 6/6
  2224 | D:3      | Noticed Natasha
  2230 | D:3      | Killed Natasha
  2345 | D:3      | Reached skill level 3 in Axes
  2419 | D:3      | Killed from afar by an orc priest

Vault maps used:
D:1:      dpeg_arrival_boxes_within_box, roderic_lattice_a,
          hangedman_glass_teeth
D:2:      lemuel_doored_altar
D:3:      first_bread, uniq_crazy_yiuf_cottage, uniq_robin, uniq_grinder,
          uniq_natasha

Action                   |  1- 3 |  4- 6 || total
-------------------------+-------+-------++-------
Melee: Unarmed           |   102 |       ||   102
       Dagger            |     6 |       ||     6
       Battleaxe         |    77 |    59 ||   136
 Fire: Blowgun           |     2 |       ||     2
  Use: Potion            |     2 |     1 ||     3
 Stab: Sleeping          |     2 |       ||     2
  Eat: Chunk             |     3 |     2 ||     5
